 Dungeon Crawl Stone Soup version 0.28.0-53-g5a82cb258f (webtiles) character file.

Game seed: 10555615027247366488

9501 Infinimo the Basher (level 11, -3/123 HPs)
             Began as an Ogre Gladiator on May 27, 2022.
             Was an Initiate of Gozag.
             Slain by an orc knight
             ... wielding a +0 war axe
              (28 damage)
             ... in a bailey.
             The game lasted 00:24:01 (15055 turns).

Infinimo the Basher (Ogre Gladiator)               Turns: 15055, Time: 00:24:02

Health: -3/123     AC: 13    Str: 20    XL:     11   Next: 47%
Magic:  20/20      EV: 14    Int: 13    God:    Gozag
Gold:   779        SH:  0    Dex: 13    Spells: 10/10 levels left

rFire   . . .      SeeInvis .   i - +1 flail (protect)
rCold   + . .      Faith    .   (no shield)
rNeg    . . .      Spirit   .   p - +1 robe of Autotheism {rElec Slay+4}
rPois   .          Reflect  .   c - +0 hat
rElec   +          Harm     .   f - +1 cloak
rCorr   +          Rampage  .   (gloves unavailable)
Will    +....                   (boots unavailable)
Stlth   +.........              (no amulet)
HPRegen 0.30/turn               a - ring of Arrival {rC+ rCorr MP+9 Dex+3}
MPRegen 0.17/turn               (no ring)

@: mighty, under a protective aura, studying Dodging, invisible
A: large, unfitting armour, tough skin 1
a: Renounce Religion, Potion Petition, Call Merchant, Bribe Branch


You were in a bailey.
You worshipped Gozag.
Gozag was pleased with you.
You visited 2 branches of the dungeon, and saw 12 of its levels.
You also visited: Ossuary and Bailey.

You collected 1667 gold pieces.
You spent 36 gold pieces at shops.
You paid 852 gold pieces to Gozag.

Inventory:

Hand Weapons
 i - a +1 flail of protection (weapon)
 A - a +0 morningstar
Missiles
 d - 2 throwing nets
 j - 17 boomerangs
 x - 25 poisoned darts
Armour
 c - a +0 hat (worn)
 f - a +1 cloak (worn)
 p - the +1 robe of Autotheism (worn) {rElec Slay+4}
   (You found it on level 5 of the Dungeon)

   Slay:      It affects your accuracy & damage with ranged weapons and melee
   (+4).
   rElec:     It insulates you from electricity.
Jewellery
 a - the ring of Arrival (left hand) {rC+ rCorr MP+9 Dex+3}
   (You acquired it on level 4 of the Dungeon)

   [ring of magical power]

   Dex:       It affects your dexterity (+3).
   rC:        It protects you from cold.
   MP:        It affects your magic capacity (+9).
   rCorr:     It protects you from acid and corrosion.
Wands
 h - a wand of iceblast (21) (quivered)
 u - a wand of flame (18)
Scrolls
 s - a scroll of teleportation
 t - 3 scrolls of fog
 y - a scroll of vulnerability
 B - a scroll of identify
 C - a scroll of amnesia {unknown}
Potions
 b - 3 potions of mutation
 e - 3 potions of curing
 g - 2 potions of degeneration
 m - a potion of haste {unknown}
 n - 4 potions of attraction
 o - 2 potions of lignification {unknown}
 r - 2 potions of resistance
 v - a potion of ambrosia {unknown}
 w - a potion of might
 z - a potion of berserk rage {unknown}


   Skills:
 + Level 11.8 Fighting
 * Level 11.8 Maces & Flails
 - Level 2.0 Throwing
 + Level 11.3 Dodging


You had 10 spell levels left.
You didn't know any spells.
Your spell library contained the following spells:

 Spells                   Type           Power      Damage    Failure   Level
 Animate Skeleton         Necr           0%         N/A       30%         1
 Pain                     Necr           0%         1d4       30%         1
 Sandblast                Erth           0%         2d4       30%         1
 Passwall                 Tmut/Erth      0%         N/A       43%         2
 Gell's Gravitas          Tloc           0%         N/A       67%         3
 Stone Arrow              Conj/Erth      0%         3d7       67%         3
 Teleport Other           Tloc           0%         N/A       67%         3
 Vampiric Draining        Necr           0%         2d6       67%         3
 Blade Hands              Tmut           0%         N/A       100%        5
 Irradiate                Conj/Tmut      0%         3d13      100%        5
 Dispersal                Tloc           0%         N/A       100%        6
 Dragon Form              Tmut           0%         N/A       100%        7


Dungeon Overview and Level Annotations

Branches:
Dungeon (11/15)            Temple (1/1) D:5            Lair (0/6) D:8
    Orc (0/2) D:11        Ossuary (visited)          Bailey (1/1)

Altars:
Ashenzari
Cheibriados
Dithmenos
Elyvilon
Fedhas
Gozag
Hepliaklqana
Kikubaaqudgha
Makhleb
Nemelex Xobeh
Okawaru
Qazlal
Ru
Sif Muna
Trog
Uskayaw
Vehumet
Xom
Yredelemnul
The Shining One

Shops:
D:4 *   D:7 *(

Annotations:
D:5 1 runed translucent door
D:6 2 transporters, RepoMan's ghost, novice PaMo
D:11 2 transporters


Innate Abilities, Weirdness & Mutations

You are too large for most types of armour.
You have tough skin. (AC +1)


Message History

The orc knight is moderately wounded.
You hit the orc knight.
The orc knight is moderately wounded.
The orc knight hits you with a +0 war axe!
You sock the orc knight!
The orc knight is heavily wounded.
The orc knight barely misses you.
You hit the orc knight.
The orc knight is heavily wounded.
The orc knight is distracted by your dazzling golden aura.
You closely miss the orc knight.
The orc knight is no longer distracted by gold.
The orc knight is heavily wounded.
The orc knight misses you.
You barely miss the orc knight.
The orc knight is heavily wounded.
You barely miss the orc knight.
The orc knight is heavily wounded.
The orc knight hits you with a +0 war axe!
You completely miss the orc knight.
The orc knight is heavily wounded.
The orc knight hits you with a +0 war axe!
You are too injured to fight recklessly!
You are too injured to fight recklessly!
You are too injured to fight recklessly!
You are too injured to fight recklessly!
You feel much better.
The orc knight hits you with a +0 war axe!!
You fade into invisibility!
The orc knight hits you with a +0 war axe!
* * * LOW HITPOINT WARNING * * *
You feel very mighty all of a sudden.
The orc knight hits you with a +0 war axe!
* * * LOW HITPOINT WARNING * * *
You bludgeon the orc knight!!
Your weapon exudes an aura of protection.
The orc knight is almost dead.
The orc knight hits you with a +0 war axe!!
You die...
Your body crumbles into a pile of gold.

.≈≈.......≈≈....#
#≈≈.......≈≈###.#
.≈≈.......≈≈....#
#≈≈.......≈≈###.#
.≈≈.......≈≈....#
#≈≈.......≈≈###.#
.≈≈.......≈≈....#
#≈≈.......≈≈###.#
.≈≈.......≈≈o@..#
#≈≈.......≈≈#####
#≈.......≈##
####'''####
#.....# #∩!..o(∩#
#...8...#
##..(..## ###+###


You could see an orc knight.

Vanquished Creatures
  Harold (D:7)
  A two-headed ogre (D:9)
  A manticore (D:11)
  A gargoyle (D:6)
  3 kobold demonologists (D:9)
  Maggie (D:7)
  3 yaks
  3 wraiths
  Grum (D:8)
  2 steam dragons
  4 water moccasins
  5 orc warriors
  3 ice beasts
  A sky beast (D:6)
  3 black bears
  2 necrophages
  4 ogres
  4 wolves (D:7)
  8 centaurs
  2 phantoms
  7 kobold brigands
  A wyvern zombie (D:8)
  A scorpion (D:6)
  7 killer bees
  2 howler monkeys
  A centaur zombie (D:8)
  A bullfrog zombie (D:5)
  5 hounds
  8 orc priests
  5 bullfrog skeletons (D:6)
  A jelly (D:4)
  Crazy Yiuf (D:7)
  A gnoll shaman (D:6)
  4 iguanas
  A centaur skeleton (D:5)
  Natasha (D:3)
  5 orc wizards
  A hound zombie (D:5)
  8 mummies (Ossuary)
  Robin (D:2)
  7 gnolls
  A howler monkey skeleton (D:7)
  6 adders
  An ufetubus (D:7)
  2 worms
  2 dart slugs
  18 orcs
  A bat (D:2)
  3 endoplasms (D:1)
  2 giant cockroaches
  2 gnoll zombies (Ossuary)
  12 goblins
  7 hobgoblins
  8 jackals
  3 quokkas
  5 ball pythons
  3 hobgoblin zombies (Ossuary)
  17 kobolds
  A kobold skeleton (D:5)
  A kobold zombie (Ossuary)
  2 orc zombies (Ossuary)
  6 rats
225 creatures vanquished.

Vanquished Creatures (others)
  2 orcs
2 creatures vanquished.

Grand Total: 227 creatures vanquished

Notes
Turn   | Place    | Note
-------+----------+-------------------------------------------
     0 | D:1      | Infinimo the Ogre Gladiator began the quest for the Orb.
     0 | D:1      | Reached XP level 1. HP: 22/22 MP: 1/1
   254 | D:1      | Reached XP level 2. HP: 26/31 MP: 2/2
   760 | D:1      | Found a faded altar of an unknown god.
  1185 | D:1      | Reached XP level 3. HP: 35/37 MP: 3/3
  2118 | D:2      | Reached XP level 4. HP: 39/46 MP: 4/4
  2292 | D:3      | Noticed Robin
  2304 | D:2      | Killed Robin
  2709 | D:3      | Noticed a necrophage
  2802 | D:3      | Killed a necrophage
  2803 | D:3      | Reached XP level 5. HP: 36/54 MP: 5/5
  3462 | D:3      | Noticed Natasha
  3476 | D:3      | Killed Natasha
  3477 | D:3      | Reached XP level 6. HP: 63/63 MP: 6/6
  3682 | D:4      | Found a stormy altar of Qazlal.
  3780 | D:4      | Found Jeliupt's General Store.
  3836 | D:4      | Reached skill level 5 in Fighting
  3836 | D:4      | Reached skill level 5 in Maces & Flails
  3973 | D:4      | Noticed a yak
  3973 | D:4      | Noticed a yak
  4026 | D:4      | Noticed a yak
  4030 | D:4      | Noticed a yak
  4466 | D:3      | Killed a yak
  4467 | D:3      | Reached XP level 7. HP: 49/72 MP: 7/7
  4666 | D:4      | Identified 2 scrolls of acquirement
  4666 | D:4      | Acquired a manual of Dodging
  4667 | D:4      | Acquired the ring of Arrival {rC+ rCorr MP+9 Dex+3}
  4816 | D:4      | Killed a yak
  4829 | D:4      | Killed a yak
  4830 | D:4      | Reached skill level 5 in Dodging
  4830 | D:4      | Reached XP level 8. HP: 39/83 MP: 8/8
  5136 | D:5      | Entered Level 5 of the Dungeon
  5145 | D:5      | Found a runed translucent door.
  5151 | D:5      | Found a basalt altar of Yredelemnul.
  5971 | D:5      | Identified the +1 robe of Autotheism {rElec Slay+4}
  5987 | D:5      | Found a staircase to the Ecumenical Temple.
  6019 | Temple   | Entered the Ecumenical Temple
  6338 | Temple   | Became a worshipper of Gozag Ym Sagoz the Greedy
  6906 | D:6      | Reached XP level 9. HP: 94/94 MP: 9/9
  6920 | D:6      | Found a sand-covered staircase.
  6924 | Ossuary  | Entered an ossuary
  7681 | D:6      | Noticed a gargoyle
  7707 | D:6      | Killed a gargoyle
  8182 | D:6      | Noticed RepoMan's ghost (novice PaMo)
  8189 | D:6      | Found a transporter.
  8210 | D:6      | Found a transporter.
  8453 | D:6      | Found a burning altar of Makhleb.
  8829 | D:7      | Reached XP level 10. HP: 101/107 MP: 10/10
  9606 | D:7      | Found Archuo's Assorted Antiques.
  9614 | D:7      | Bought a fuming brown potion for 18 gold pieces
  9614 | D:7      | Bought an inky potion for 18 gold pieces
  9983 | D:7      | Found a runed translucent door.
  9984 | D:7      | Noticed Crazy Yiuf
 10154 | D:7      | Killed Crazy Yiuf
 10234 | D:8      | Noticed Harold
 10601 | D:8      | Noticed Grum
 10702 | D:7      | Killed Harold
 10703 | D:7      | Reached skill level 10 in Fighting
 10703 | D:7      | Reached skill level 10 in Maces & Flails
 11068 | D:8      | Noticed Maggie
 12158 | D:7      | Killed Maggie
 12235 | D:8      | Reached skill level 10 in Dodging
 12240 | D:8      | Killed Grum
 12509 | D:8      | Found a staircase to the Lair.
 13113 | D:9      | Found a shimmering blue altar of Sif Muna.
 13115 | D:9      | Noticed a two-headed ogre
 13121 | D:9      | Killed a two-headed ogre
 13122 | D:9      | Reached XP level 11. HP: 120/120 MP: 11/11
 13346 | D:9      | Noticed a sun demon
 13598 | D:9      | Noticed a soul eater
 14054 | D:9      | You fall into a shaft and drop 2 floors!
 14160 | D:11     | Noticed a manticore
 14177 | D:11     | Killed a manticore
 14403 | D:11     | Found a transporter.
 14415 | D:11     | Found a transporter.
 14436 | D:11     | Noticed an orc knight
 14440 | D:11     | Found a staircase to the Orcish Mines.
 14579 | D:10     | Entered Level 10 of the Dungeon
 14914 | D:10     | Found a flagged portal.
 14935 | Bailey   | Entered a bailey
 15028 | Bailey   | Noticed an orc knight
 15055 | Bailey   | Slain by an orc knight

Illustrated notes

Levels and vault maps discovered:
D:1:      minmay_arrival_shattered_statue, layout_basic,
          hellmonk_ecumenical_altar_dog_temple
D:2:      layout_loops_cross, minmay_stone_trees_small,
          minmay_misc_feat_more_columns
D:3:      layout_loops_ring, uniq_natasha, uniq_robin
D:4:      layout_loops_ring, grunt_qazlal_clouds, serial_shops,
          nicolae_shop_waterfront
D:5:      layout_loops_ring, dk_yredelemnul_ordeal,
          minmay_temple_entry_stoned_glass, feat_on_display
D:6:      layout_basic, lightli_temple_of_fire,
          lightli_ossuary_entry_decrepit_ruins, gammafunk_ghost_stat_death,
          minmay_fractal_squares_gapless_5
D:7:      layout_basic, serial_shops, shop, chequers_serial_rivers_micro_e,
          uniq_crazy_yiuf_cottage
D:8:      layout_cave_pools, lair_entry_dummy, uniq_maggie, uniq_harold,
          uniq_grum
D:9:      layout_basic, mainiacjoe_overflow_small_starburst
D:10:     layout_rooms, mainiacjoe_overflow_boulevard, zin_academy,
          lightli_bailey_entry_fortress
D:11:     layout_irregular_city, orc_david_3, gammafunk_ghost_abyssal_escape
Temple:   eino_temple_scatter_basement
Bailey:   bailey_axe_3, bailey

Skill      XL: |  1  2  3  4  5  6  7  8  9 10 11 |
---------------+----------------------------------+-----
Fighting       | 3 4 5 6 7 9 11 | 11.8
Maces & Flails | 3 4 5 6 7 9 11 | 11.8
Dodging        | 3 4 5 6 8 10 11 | 11.3
Throwing       | |  2.0

Action                   |  1- 3 |  4- 6 |  7- 9 | 10-12 || total
-------------------------+-------+-------+-------+-------++-------
Melee: Flail             |   108 |   144 |   255 |   398 ||   905
       Punch             |     2 |     2 |     2 |     8 ||    14
       Morningstar       |       |       |       |    14 ||    14
Throw: Boomerang         |       |       |    30 |       ||    30
       Throwing net      |       |       |     1 |     1 ||     2
       Dart              |       |       |       |     2 ||     2
Invok: Call Merchant     |       |       |       |     1 ||     1
Evoke: Wand              |       |     3 |     1 |    12 ||    16
  Use: Scroll            |       |     4 |    13 |     5 ||    22
       Potion            |       |     2 |     1 |     4 ||     7
 Stab: Sleeping          |     1 |     1 |       |     1 ||     3
       Distracted        |       |       |       |     1 ||     1
Armor: Robe              |    23 |    65 |    86 |   157 ||   331
Dodge: Dodged            |    66 |    84 |   123 |   358 ||   631
